 Dungeon Sprint DCSS version 0.31-a0-18-gea43df2a32 (webtiles) character file.

Game seed: 403579301619352048

9965 sircluck the Brawler (level 11, -2/178 HPs)
             Began as a Troll Berserker on May 9, 2023.
             Was the Champion of Trog.
             Slain by a demonic crawler (8 damage)
             ... in the Dungeon (Sprint I: "Red Sonja").
             The game lasted 00:04:30 (963 turns).

sircluck the Brawler (Troll Berserker)               Turns: 963, Time: 00:04:31

Health: -2/178     AC:  6    Str: 31    XL:     11   Next: 30%
Magic:  10/10      EV: 13    Int:  5    God:    Trog [******]
Gold:   160        SH:  0    Dex:  9    Spells: 10/10 levels left

rFire   . .          .
                       - Unarmed
rCold   . . .        (no shield)
rNeg    . . .        o - +0 troll leather armour "Keleepu" {Regen+ Int+2}
rPois   .            (helmet restricted)
rElec   .            (no cloak)
rCorr   .            (gloves unavailable)
SInv    .            (boots unavailable)
Will    +....        p - amulet of regeneration Stlth
                     n - ring of flight
HPRegen 2.89/turn    k - ring of willpower
MPRegen 0.12/turn

%: no teleportation
@: berserking, flying, very quick
A: large, unfitting armour, claws 3, regeneration 1, shaggy fur 1, tough skin 1,
subdued magic 1
a: Renounce Religion, Berserk, Trog's Hand, Brothers in Arms


You were in the Dungeon.
You worshipped Trog.
Trog was exalted by your worship.
You visited 1 branch You collected 1050 gold pieces.
You spent 890 gold pieces at shops.

Inventory:

Missiles
 c - a throwing net (quivered)
 j - 13 stones
Armour
 a - a +0 animal skin
 o - the +0 troll leather armour "Keleepu" (worn) {Regen+ Int+2}
   (You bought it in a shop in the Dungeon)

   Int:       It affects your intelligence (+2).
   Regen:     It increases your rate of health regeneration.
Jewellery
 k - a ring of willpower (right claw)
 n - a ring of flight (left claw)
 p - an amulet of regeneration (around neck)
Wands
 g - a wand of polymorph (6)
 h - a wand of flame (22)
Scrolls
 i - 2 scrolls of identify {unknown}
Potions
 b - 3 potions of curing
 d - a potion of haste
 e - 2 potions of magic
 f - a potion of berserk rage
 l - a potion of cancellation {unknown}
 m - a potion of might {unknown}


   Skills:
 + Level 10.9 Fighting
 + Level 1.4 Armour
 + Level 12.5 Dodging
 + Level 2.4 Stealth
 + Level 20.0 Unarmed Combat
 + Level 1.8 Evocations


You had 10 spell levels left.
You didn't know any spells.
Your spell library was empty.

Dungeon Overview and Level Annotations

Branches:
Dungeon (1/1)

Altars:
Cheibriados
Dithmenos
Elyvilon
Fedhas
Gozag
Hepliaklqana
Kikubaaqudgha
Makhleb
Nemelex Xobeh
Okawaru
Qazlal
Ru
Sif Muna
Trog
Uskayaw
Vehumet
Wu Jian
Xom
Yredelemnul
Zin
The Shining One
Jiyva
Lugonu

Shops:
D (*((=[=***?*[([**!?[(


Innate Abilities, Weirdness & Mutations

You are too large for most types of armour.
You have claws for hands.
Your natural rate of healing is unusually fast.
You are covered in fur. (AC +1)
You have tough skin. (AC +1)
Your spells are a little easier to cast, but a little less powerful.


Message History

The demonic crawler closely misses you.
The demonic crawler hits you but does no damage.
You scratch the demonic crawler.
The demonic crawler is moderately wounded.
You scratch the demonic crawler.
The demonic crawler is moderately wounded.
The demonic crawler hits you.
* * * LOW HITPOINT WARNING * * *
The demonic crawler misses you. The demonic crawler hits you!
* * * LOW HITPOINT WARNING * * *
The demonic crawler completely misses you.
The demonic crawler hits you!
* * * LOW HITPOINT WARNING * * *
The demonic crawler hits you!
* * * LOW HITPOINT WARNING * * *
You eviscerate the demonic crawler!!!
The demonic crawler is almost dead.
Unknown command.
You claw the demonic crawler!
You kill the demonic crawler!
Trog accepts your kill.
Your Armour skill increases to level 1!
Unknown command.
You mangle the demonic crawler!!
The demonic crawler is heavily wounded.
You eviscerate the demonic crawler!!!
You kill the demonic crawler!
Trog accepts your kill. The demonic crawler barely misses you.
The demonic crawler closely misses you. The demonic crawler hits you.
* * * LOW HITPOINT WARNING * * *
Your Unarmed Combat skill increases to level 20!
You eviscerate the demonic crawler!!!
The demonic crawler is severely wounded.
You barely miss the demonic crawler.
The demonic crawler is severely wounded.
The demonic crawler barely misses you. The demonic crawler hits you!
* * * LOW HITPOINT WARNING * * *
The demonic crawler hits you!
You die...

##################
.#..'..#__#..')).#
.').#..'..'..#...##+#
'#####'#__####..@s..#
.#...#.####..#####..+
##..##.#§§~..#..# ##
_##'#_.+§§§§§'..#
..'..._#§§~§§#§.#
_##_.#'##'#####'###
_###'#)#.:).###.'.#
####.####'###)###.#
..'...'.....'.∩##)#


You could see a demonic crawler.

Vanquished Creatures
  2 centaur warriors (D)
  Sonja (D)
  A deep troll (D)
  An oklob plant (D)
  A shining eye (D)
  3 demonic crawlers (D)
  2 unseen horrors (D)
  2 kobold demonologists (D)
  A hornet (D)
  A slime creature (D)
  Sigmund (D)
  A yak (D)
  2 redbacks (D)
  3 floating eyes (D)
  An ogre (D)
  7 necrophages (D)
  8 jellies (D)
  Ijyb (D)
39 creatures vanquished.

Vanquished Creatures (collateral kills)
  7 shining eyes (D)
  3 floating eyes (D)
10 creatures vanquished.

Vanquished Creatures (others)
  2 ballistomycete spores (D)
2 creatures vanquished.

Grand Total: 51 creatures vanquished

Notes
Turn   | Place    | Note
-------+----------+-------------------------------------------
     0 | D        | sircluck the Troll Berserker began the quest for the Orb.
     0 | D        | Reached XP level 1. HP: 22/22 MP: 0/0
     1 | D        | Noticed Ijyb
    19 | D        | Killed Ijyb
    20 | D        | Reached skill level 4 in Unarmed Combat
    20 | D        | Reached XP level 2. HP: 7/31 MP: 1/1
    72 | D        | Noticed an ogre
    86 | D        | Killed an ogre
    87 | D        | Reached skill level 6 in Unarmed Combat
    87 | D        | Reached XP level 3. HP: 18/41 MP: 2/2
    87 | D        | Reached XP level 4. HP: 22/49 MP: 3/3
   130 | D        | Noticed Sigmund
   137 | D        | Killed Sigmund
   137 | D        | Reached ** piety under Trog
   138 | D        | Reached skill level 8 in Unarmed Combat
   138 | D        | Reached XP level 5. HP: 41/59 MP: 4/4
   138 | D        | Reached XP level 6. HP: 47/67 MP: 5/5
   169 | D        | Found an ornate altar of the Wu Jian Council.
   169 | D        | Found a shimmering blue altar of Sif Muna.
   171 | D        | Found a radiant altar of Vehumet.
   204 | D        | Found Voimm's Antique Weapon Emporium.
   204 | D        | Found an ancient bone altar of Kikubaaqudgha.
   204 | D        | Found a hazy altar of Hepliaklqana.
   204 | D        | Found a hide-covered altar of Uskayaw.
   204 | D        | Found a basalt altar of Yredelemnul.
   204 | D        | Found an opulent altar of Gozag.
   204 | D        | Found a snail-covered altar of Cheibriados.
   204 | D        | Found a sacrificial altar of Ru.
   204 | D        | Found a shadowy altar of Dithmenos.
   204 | D        | Noticed a yak
   207 | D        | Killed a yak
   208 | D        | Reached skill level 9 in Unarmed Combat
   219 | D        | Found a stormy altar of Qazlal.
   219 | D        | Found a blossoming altar of Fedhas.
   219 | D        | Found a bloodstained altar of Trog.
   219 | D        | Found an iron altar of Okawaru.
   219 | D        | Found a glowing golden altar of the Shining One.
   219 | D        | Found a glowing silver altar of Zin.
   219 | D        | Found a white marble altar of Elyvilon.
   220 | D        | Found a sparkling altar of Nemelex Xobeh.
   235 | D        | Found a burning altar of Makhleb.
   235 | D        | Found a viscous altar of Jiyva.
   235 | D        | Found a shimmering altar of Xom.
   235 | D        | Found a corrupted altar of Lugonu.
   235 | D        | Noticed a slime creature
   244 | D        | Killed a slime creature
   244 | D        | Reached *** piety under Trog
   245 | D        | Reached skill level 10 in Unarmed Combat
   245 | D        | Reached XP level 7. HP: 65/78 MP: 6/6
   258 | D        | Noticed a kobold demonologist
   258 | D        | Noticed a kobold demonologist
   261 | D        | Noticed an ice devil
   261 | D        | Killed a kobold demonologist
   262 | D        | Reached skill level 11 in Unarmed Combat
   267 | D        | Killed a kobold demonologist
   267 | D        | Reached **** piety under Trog
   268 | D        | Reached skill level 12 in Unarmed Combat
   268 | D        | Reached XP level 8. HP: 84/88 MP: 7/7
   281 | D        | Noticed Sonja
   292 | D        | Killed Sonja
   293 | D        | Reached skill level 1 in Stealth
   293 | D        | Reached skill level 13 in Unarmed Combat
   293 | D        | Reached skill level 1 in Evocations
   317 | D        | Found Kupafaa's Antique Weapon Boutique.
   388 | D        | Noticed a deep troll
   394 | D        | Killed a deep troll
   395 | D        | Reached skill level 10 in Dodging
   395 | D        | Reached skill level 14 in Unarmed Combat
   395 | D        | Reached XP level 9. HP: 98/98 MP: 8/8
   438 | D        | Found Ojuzxapn's Armour Emporium.
   460 | D        | Noticed a centaur warrior
   460 | D        | Noticed a centaur warrior
   466 | D        | Killed a centaur warrior
   469 | D        | Killed a centaur warrior
   470 | D        | Reached skill level 15 in Unarmed Combat
   504 | D        | Reached ***** piety under Trog
   514 | D        | Noticed an oklob plant
   523 | D        | Killed an oklob plant
   524 | D        | Reached skill level 10 in Fighting
   524 | D        | Reached skill level 16 in Unarmed Combat
   524 | D        | Reached XP level 10. HP: 46/110 MP: 9/9
   587 | D        | Received a gift from Trog
   748 | D        | Received a gift from Trog
   751 | D        | Reached skill level 17 in Unarmed Combat
   764 | D        | Reached ****** piety under Trog
   788 | D        | Identified the +8 broad axe "Okiuryppu" {freeze, rN+ SInv}
   792 | D        | Found Nol Bidgh's Assorted Antiques.
   792 | D        | Found Evares's Jewellery Shop.
   792 | D        | Found Tusoig's Assorted Antiques.
   794 | D        | Found Tastam's General Store.
   794 | D        | Found Gumump's Magic Scroll Shop.
   794 | D        | Found Zocwin's General Store.
   794 | D        | Found Nodum's Antique Armour Boutique.
   794 | D        | Found Murchal's Antique Weapon Emporium.
   794 | D        | Found Zaodgh's Antique Armour Shop.
   794 | D        | Found Dapluwk's Assorted Antiques.
   796 | D        | Found Ocariuta's Assorted Antiques.
   797 | D        | Found Vodarphi's Magic Scroll Emporium.
   797 | D        | Found Movoq's Distillery.
   798 | D        | Found Yfruriap's Antique Weapon Emporium.
   802 | D        | Bought an ichor-stained troll leather armour for 560 gold
                  | pieces
   802 | D        | Identified the +0 troll leather armour "Keleepu" {Regen+
                  | Int+2} (You bought it in a shop in the Dungeon)
   818 | D        | Bought an amulet of regeneration for 330 gold pieces
   874 | D        | Noticed a shining eye
   874 | D        | Noticed a shining eye
   874 | D        | Noticed a shining eye
   876 | D        | Gained mutation: Your spells are a little easier to cast,
                  | but a little less powerful. [a shining eye]
   878 | D        | Paralysed by a floating eye for 3 turns
   879 | D        | Killed a shining eye
   880 | D        | Killed a shining eye
   880 | D        | Noticed a shining eye
   882 | D        | Reached skill level 18 in Unarmed Combat
   882 | D        | Noticed a shining eye
   883 | D        | Noticed a shining eye
   884 | D        | Killed a shining eye
   885 | D        | Noticed a shining eye
   885 | D        | Noticed a shining eye
   886 | D        | Killed a shining eye
   886 | D        | Received a gift from Trog
   887 | D        | Killed a shining eye
   888 | D        | Reached XP level 11. HP: 119/119 MP: 10/10
   888 | D        | Killed a shining eye
   889 | D        | Reached skill level 19 in Unarmed Combat
   890 | D        | Killed a shining eye
   892 | D        | Killed a shining eye
   897 | D        | Found Wavum's General Store.
   897 | D        | Found Lobaj's Jewellery Shop.
   897 | D        | Found Cukhliluan's Antique Weapon Emporium.
   897 | D        | Found Yloobun's Armour Boutique.
   949 | D        | Received a gift from Trog
   960 | D        | Reached skill level 1 in Armour
   962 | D        | Reached skill level 20 in Unarmed Combat
   963 | D        | HP: 6/178 [demonic crawler (13)]
   963 | D        | Slain by a demonic crawler

Illustrated notes

Levels and vault maps discovered:
D:        dungeon_sprint_1 [red_sonja_temple_1, red_sonja_temple_small_1]

Skill      XL: |  1  2  3  4  5  6  7  8  9 10 11 |
---------------+----------------------------------+-----
Fighting       | 3 4 6 7 8 9 10 | 10.9
Dodging        | 3 4 6 7 8 10 11 12 | 12.5
Unarmed Combat | 4 6 8 10 12 14 16 18 20 | 20.0
Stealth        | 1 2 |  2.4
Evocations     | 1 |  1.8
Armour         | 1 |  1.4

Action                     |  1- 3 |  4- 6 |  7- 9 | 10-12 || total
---------------------------+-------+-------+-------+-------++-------
  Melee: Unarmed           |    21 |    17 |    30 |    59 ||   127
         Punch             |       |       |       |     2 ||     2
 Invoke: Berserk           |     1 |       |     2 |     2 ||     5
         Brothers in Arms  |       |       |       |     1 ||     1
  Evoke: Wand              |     1 |     1 |       |       ||     2
    Use: Potion            |       |       |     1 |       ||     1
         Scroll            |       |       |       |     1 ||     1
 Armour: Animal skin       |     1 |     1 |     5 |     3 ||    10
         Troll leather arm |       |       |       |     7 ||     7
  Dodge: Dodged            |     2 |     6 |    16 |    29 ||    53

Table legend: (Time is in decaauts)
 A = Elapsed time spent in this place.
 B = Non-inter-level travel time spent in this place.
 C = Inter-level travel time spent in this place.
 D = Time resting spent in this place.
 E = Time spent auto-exploring this place.
 F = Levels seen in this place.
 G = Mean time per level.
                   A        B        C        D        E       F      G
               +--------+--------+--------+--------+--------+-----+--------+
         Total |    970 |    946 |     24 |    187 |    412 |   1 |  970.0 |
       Dungeon |    970 |    946 |     24 |    187 |    412 |   1 |  970.0 |
               +--------+--------+--------+--------+--------+-----+--------+

Top non-repeatable levels by time:
       D: 970 daAuts
